 Dungeon Crawl Stone Soup version 0.26.0-20-g3ca415f5b8 (webtiles) character file.

Game seed: 6771981113188558492

88 kaeus the Insei (level 4, -1/29 HPs)
             Began as an Octopode Transmuter on Jan 25, 2021.
             Splashed by a jelly's acid (3 damage)
             ... on level 3 of the Dungeon.
             The game lasted 00:01:29 (3191 turns).

kaeus the Insei (Octopode Transmuter)               Turns: 3191, Time: 00:01:29

Health: -1/29      AC: -3    Str:  9    XL:     4   Next: 53%
Magic:  7/7        EV: 14    Int: 15    God:
Gold:   140        SH:  0    Dex: 13    Spells: 6/7 levels left

rFire    . . .     SeeInvis .   c - +0 short sword
rCold    . . .     Faith    .   (no shield)
rNeg     . . .     Spirit   .   (helmet restricted)
rPois    .         Reflect  .   (no amulet)
rElec    .         Harm     .   (no ring)
rCorr    .         Rampage  .   (no ring)
Will     .....                  (no ring)
Stlth    +++.......             (no ring)
HPRegen  0.09/turn              (no ring)
MPRegen  0.10/turn              (no ring)
                                (no ring)
                                (no ring)

@: corroded
A: almost no armour, stealthy swim, amphibious, 8 rings, constrict 8, camouflage
1, gelatinous body 1
a: no special abilities


You were on level 3 of the Dungeon.
You visited 1 branch of the dungeon, and saw 3 of its levels.

You collected 140 gold pieces.

Inventory:

Hand Weapons
 c - a +0 short sword (weapon)
Scrolls
 b - 6 scrolls of identify {unknown}
 d - 4 scrolls of remove curse {unknown}
 g - a scroll of blinking {unknown}
 j - a scroll of enchant weapon {unknown}
 k - a scroll of fear {unknown}
 m - a scroll of noise {unknown}
 o - a scroll of teleportation {unknown}
Potions
 a - a potion of curing {unknown}
 e - 2 potions of invisibility {unknown}
 f - a potion of lignification {unknown}
 h - a potion of heal wounds {unknown}
 i - a potion of attraction {unknown}
 l - a potion of mutation {unknown}
 n - a potion of magic {unknown}


   Skills:
 + Level 1.6 Fighting
 + Level 2.4 Dodging
 + Level 1.7 Stealth
 + Level 3.3 Unarmed Combat
 + Level 2.4 Spellcasting
 * Level 3.0 Transmutations


You had 6 spell levels left.
You knew the following spells:

 Your Spells              Type           Power        Failure   Level
a - Beastly Appendage     Tmut           22%          6%          1

Your spell library contained the following spells:

 Spells                   Type           Power        Failure   Level
 Wereblood                Tmut           11%          9%          2
 Spider Form              Tmut/Pois      3%           34%         3
 Ice Form                 Ice/Tmut       6%           75%         4
 Blade Hands              Tmut           5%           86%         5


Dungeon Overview and Level Annotations

Branches:
Dungeon (3/15)

Altars:
Nemelex Xobeh
Xom


Innate Abilities, Weirdness & Mutations

You cannot wear most types of armour.
You are very stealthy in the water. (Stealth+)
You are amphibious.
You can wear up to eight rings at the same time.
You can use your tentacles to constrict eight enemies at once.
Your skin changes colour to match your surroundings (Stealth+).
Your rubbery body absorbs attacks. (AC +1, EV +1)


Message History

A jelly is nearby!
The jelly quivers.
You hit the jelly.
Your tentacles burn!
The jelly is heavily wounded.
The jelly hits you.
You are splashed with acid!
You take 13 damage, and have 16/29 hp.
MASSIVE DAMAGE!!
You hit the jelly.
Your tentacles burn!
The jelly is severely wounded.
The jelly hits you.
You are splashed with acid!
* * * LOW HITPOINT WARNING * * *
You take 14 damage, and have 2/29 hp.
MASSIVE DAMAGE!!
You are too injured to fight recklessly!
You are too injured to fight recklessly!
You are too injured to fight recklessly!
You are too injured to fight recklessly!
You are too injured to fight recklessly!
You are too injured to fight recklessly!
You are too injured to fight recklessly!
You hit the jelly. The acid corrodes you!
Your tentacles burn!
You die...

# #.........# # .#######.# ###
#######...# ..#
###..+.†...######## #.#
##...###...†....... #.#
##...###...#####... #.#########
##._.'.'...# #.........#
##...###...#### #########.#
##..@# #......## #.#
###..J.+....#..# #.#
#######...###.# ####.######
###...#..# #+# # #.........#
###...####... ## #.##.####.#
####.####.... .## #..#..# #.#
##.##.###.....
[.####...#.###.#####....#.#......
..'.................(..###.......


You could see a jelly.

Vanquished Creatures
  A jelly (D:3)
  2 adders
  4 bats
  A giant cockroach (D:3)
  5 goblins
  6 hobgoblins
  An iguana (D:3)
  2 jackals (D:2)
  A quokka (D:2)
  5 frilled lizards
  7 kobolds
  3 rats
38 creatures vanquished.

Notes
Turn   | Place    | Note
-------+----------+-------------------------------------------
     0 | D:1      | kaeus the Octopode Transmuter began the quest for the Orb.
     0 | D:1      | Reached XP level 1. HP: 13/13 MP: 3/3
    67 | D:1      | Reached XP level 2. HP: 11/18 MP: 5/5
   394 | D:1      | Found a sparkling altar of Nemelex Xobeh.
  1135 | D:1      | Reached skill level 1 in Stealth
  1423 | D:2      | Reached XP level 3. HP: 23/23 MP: 4/6
  3040 | D:3      | Reached XP level 4. HP: 24/28 MP: 7/7
  3184 | D:3      | Found a shimmering altar of Xom.
  3191 | D:3      | Splashed by a jelly's acid

Illustrated notes

Levels and vault maps discovered:
D:1:      dpeg_arrival_oval, layout_basic, nemelex_diamond_rough_becter
D:2:      layout_loops_ring
D:3:      layout_loops_corners, dk_xom_monty_hall

Skill      XL: |  1  2  3  4 |
---------------+-------------+-----
Stealth        | 1 |  1.7
Transmutations | 3 |  3.0
Fighting       | |  1.6
Dodging        | |  2.4
Unarmed Combat | |  3.3
Spellcasting   | |  2.4

Action                   |  1- 3 |  4- 6 || total
-------------------------+-------+-------++-------
Melee: Unarmed           |    11 |       ||    11
       Constrict         |    22 |       ||    22
       Tentacles         |    14 |       ||    14
       Short sword       |    86 |     6 ||    92
       Kick              |     9 |     1 ||    10
       Punch             |       |     1 ||     1
 Cast: Beastly Appendage |    14 |     1 ||    15
 Stab: Sleeping          |     9 |       ||     9
Armor: Skin              |    10 |       ||    10
Dodge: Dodged            |    77 |     3 ||    80
